[Event "Early-Titled-Tuesday-Blitz-September-05-2023"]
[Site "Chess.com"]
[Date "2023.09.05"]
[Round "10"]
[White "EvgenyBurmakin"]
[Black "H_E_D_G_E_H_O_G"]
[Result "0-1"]
[WhiteElo "2265"]
[BlackElo "2101"]
[TimeControl "180+1"]
[EndTime "9:55:02 PDT"]
[Termination "H_E_D_G_E_H_O_G won by checkmate"]

1. e4 e6 2. d4 d5 3. Nd2 Nf6 4. e5 Nfd7 5. f4 c5 6. c3 Nc6 7. Ndf3 cxd4 8. cxd4 Nb6 9. Bd3 Nb4 10. Bb1 a5 11.
Ne2 Bd7 12. O-O g6 13. a3 Nc6 14. Bd3 a4 15. Be3 Na5 16. Nd2 h5 17. Nc3 Bc6 18.
Rc1 Qd7 19. Bf2 Be7 20. Qe2 h4 21. h3 O-O-O 22. Nb5 Kb8 23. Nd6 Bxd6 24. exd6 Qxd6 25. Rc5 Nac4 26. Nxc4 dxc4 27. Bxc4 Nxc4 28. Qxc4 Rc8 29.
Be3 f5 30. Rc1 Qd7 31. Qb4 Bd5 32. Bf2 Rc6 33. R1c3 Rhc8 34. Bxh4 Rxc5 35. dxc5 Bc6 36. Qc4 Rd8 37. Qe2 Qd5 38. Be1 Ka7 39. Re3 g5 40. Re5 Qb3 41. Rxe6 gxf4 42. Re7 f3 43. gxf3 Rg8+ 44. Kf2 Qd5 45. Bd2 f4 46. Bxf4 Rh8 47. Kg3 Rg8+ 48. Kh2 Rf8 49. Bg3 Rxf3 50. Re3 Rf5 51. Rd3 Qh1# 0-1

[Event "Early-Titled-Tuesday-Blitz-September-05-2023"]
[Site "Chess.com"]
[Date "2023.09.05"]
[Round "10"]
[White "AsaHoffmann"]
[Black "Tugrik1969"]
[Result "0-1"]
[WhiteElo "2374"]
[BlackElo "2506"]
[TimeControl "180+1"]
[EndTime "9:55:03 PDT"]
[Termination "Tugrik1969 won on time"]

1. d4 Nf6 2. Bg5 c5 3. d5 Qb6 4. Nc3 g6 5. e4 d6 6. Rb1 Bg7 7. Qd2 O-O 8. Bh6 e6 9. h4 exd5 10. exd5 Re8+ 11. Be2 Bf5 12. Bxg7 Kxg7 13. Nf3 Nbd7 14.
O-O Re7 15. Rfe1 Rae8 16. Bd3 Bg4 17. Rxe7 Rxe7 18. Nh2 Ne5 19. Bf1 c4 20. Be2 Bxe2 21. Nxe2 Neg4 22. Nxg4 Nxg4 23. Nf4 Re4 24. g3 Ne5 25.
Kg2 Rd4 26. Qe2 Qc5 27. Rd1 Rxd1 28. Qxd1 b5 29. c3 a5 30. h5 g5 31. h6+ Kf6 32. Ne2 Nd3 33. Nd4 Qxd5+ 34. Kh2 Ne5 35. f3 Qa8 36. Qd2 Nxf3+ 37. Nxf3 Qxf3 38. Qd4+ Kg6 39. Qxd6+ f6 40. Qf8 Qh5+ 41. Kg2 Qxh6 42. Qe8+ Kf5 43. Kf3 g4+ 44. Kf2 Qd2+ 45. Kf1 Qc1+ 46.
Kf2 Qxb2+ 47. Kf1 Qb1+ 48. Kf2 Qxa2+ 49. Kf1 Qb1+ 50. Kf2 Qc2+ 51. Kf1 Qd3+ 52. Kf2 Qf3+ 53. Ke1 Qxc3+ 54. Kf2 Qf3+ 55. Ke1 Qxg3+ 56. Ke2 Qe5+ 0-1

[Event "Early-Titled-Tuesday-Blitz-September-05-2023"]
[Site "Chess.com"]
[Date "2023.09.05"]
[Round "10"]
[White "nihalsarin"]
[Black "artooon"]
[Result "1-0"]
[WhiteElo "3137"]
[BlackElo "3049"]
[TimeControl "180+1"]
[EndTime "9:55:04 PDT"]
[Termination "nihalsarin won by checkmate"]

1. Nf3 Nf6 2. b3 d5 3. Bb2 c5 4.
e3 a6 5. c4 Nc6 6. cxd5 Nxd5 7. Nc3 e6 8. a3 Be7 9. Qc2 O-O 10.
h4 Bf6 11. Bd3 h6 12. Bh7+ Kh8 13. Be4 Bxc3 14. Bxc3 f5 15. Bd3 b5 16. Be2 Bb7 17. Bb2 Rc8 18. O-O e5 19. Bxe5 Nxe5 20. Nxe5 Kg8 21. h5 Qd6 22. Ng6 Rf7 23. Bf3 Qe6 24.
Rac1 Nf6 25. Nf4 Qe5 26. Bxb7 Rxb7 27. d4 Qe4 28. dxc5 Qxc2 29. Rxc2 b4 30. axb4 Rxb4 31. Ra1 Rxb3 32. Rxa6 Rb1+ 33. Kh2 Ng4+ 34. Kg3 Nf6 35. c6 Ne4+ 36. Kf3 Rf1 37. g3 Kh7 38. Kg2 Rd1 39. Ra5 Rd6 40. Rxf5 Rdxc6 41. Rxc6 Rxc6 42. Rf8 Nf6 43.
Kf3 Rc1 44. g4 Rc5 45. Ng6 Ng8 46. e4 Rc3+ 47. Ke2 Rc2+ 48. Kd3 Ra2 49. e5 Ra3+ 50. Kc2 Ra2+ 51. Kc3 Ra3+ 52. Kb4 Ra6 53. Kb5 Re6 54. f4 Rxg6 55. hxg6+ Kh8 56. e6 h5 57. e7 h4 58.
Rxg8+ Kxg8 59. e8=Q# 1-0

[Event "Early-Titled-Tuesday-Blitz-September-05-2023"]
[Site "Chess.com"]
[Date "2023.09.05"]
[Round "10"]
[White "abelmat"]
[Black "Dewarfd"]
[Result "0-1"]
[WhiteElo "1947"]
[BlackElo "2123"]
[TimeControl "180+1"]
[EndTime "9:55:04 PDT"]
[Termination "Dewarfd won by checkmate"]

1. d4 d5 2. c4 e6 3. Nf3 c5 4. Nc3 Nc6 5. e3 cxd4 6. exd4 Nf6 7. Bd3 dxc4 8. Bxc4 Bd6 9. O-O O-O 10. d5 exd5 11.
Nxd5 Nxd5 12. Bxd5 Ne7 13. Be4 Ng6 14. Be3 Re8 15.
Qc2 Qe7 16. Bxg6 hxg6 17. Rfe1 Bg4 18. Bxa7 Qf6 19. Bd4 Rxe1+ 20. Rxe1 Qf4 21. Be3 Qb4 22. a3 Qa5 23. Bd2 Qb6 24. Ne5 Bf5 25. Qc4 Bxe5 26.
Rxe5 Qxb2 27. Qe2 Be6 28. h3 Qxa3 29. Re3 Qa1+ 30. Kh2 Qf6 31. Bc3 Qf4+ 32. g3 Qc4 33. Rxe6 Qxe6 34. Qf3 Ra2 35. Bd4 b5 36. Be3 Ra4 37. Qb7 Qe4 38. Qb8+ Kh7 39. Qxb5 Ra2 40. Qb6 Ra1 41. h4 Rh1# 0-1

[Event "Early-Titled-Tuesday-Blitz-September-05-2023"]
[Site "Chess.com"]
[Date "2023.09.05"]
[Round "10"]
[White "Dmitry_Konenkin"]
[Black "the-gambler"]
[Result "0-1"]
[WhiteElo "2393"]
[BlackElo "2491"]
[TimeControl "180+1"]
[EndTime "9:55:06 PDT"]
[Termination "the-gambler won on time"]

1. d4 d5 2. Bg5 c6 3. e3 Bf5 4. c4 h6 5. Bh4 Qb6 6. b3 e6 7. Nd2 Bb4 8. Nf3 Nd7 9. Be2 Bc3 10.
Rc1 Bb2 11. c5 Qa5 12. O-O Bxc1 13. Qxc1 Ngf6 14. a3 O-O 15. b4 Qc7 16. Bg3 Qd8 17. b5 Ne4 18. Nxe4 Bxe4 19. Nd2 Bg6 20. bxc6 bxc6 21.
Ba6 e5 22. Bb7 Rb8 23. Bxc6 Rc8 24. Bb7 Qf6 25. Bxc8 Rxc8 26. Nf3 exd4 27. exd4 Be4 28. Ne5 Nxe5 29. Bxe5 Qg6 30. f3 Bd3 31. Re1 Bc4 32.
Qf4 f6 33. Bd6 Qd3 34. h3 Qxa3 35. Qf5 Qa6 36. Qe6+ Kh8 37. Kh2 Qc6 38. Ra1 a6 39.
Rc1 Bb5 40. Re1 Re8 41. Qxe8+ Qxe8 42. Rxe8+ Bxe8 43. Bc7 Kg8 44. Kg3 Kf7 45. Kf4 Ke6 46. Ke3 Kd7 47. Ba5 Kc6 48. Kd3 Kb5 49. Bc3 Bd7 50.
Kc2 a5 51. Kb3 a4+ 52. Ka3 Kc4 53. Bb2 Kd3 54. Kb4 Kc2 55. Ba3 Bc6 56. h4 h5 57. g3 Kd3 58. Bb2 Ke3 59. f4 Kf3 60. Ka5 Kxg3 61. Kb6 Be8 62. c6 Kxf4 0-1

[Event "Early-Titled-Tuesday-Blitz-September-05-2023"]
[Site "Chess.com"]
[Date "2023.09.05"]
[Round "10"]
[White "aranibos"]
[Black "Nick12772"]
[Result "0-1"]
[WhiteElo "2253"]
[BlackElo "2329"]
[TimeControl "180+1"]
[EndTime "9:55:06 PDT"]
[Termination "Nick12772 won on time"]

1. e4 e6 2. d4 d5 3. Nc3 Bb4 4. Bd2 Ne7 5. Qg4 Kf8 6. e5 c5 7.
O-O-O cxd4 8. Qxd4 Nbc6 9. Qh4 Nf5 10. Qxd8+ Nxd8 11. Nf3 Nc6 12. g4 Nfe7 13. Nb5 a6 14.
Bxb4 Nxb4 15. Nd6 Nxa2+ 16. Kb1 Nb4 17. Ng5 Nbc6 18. Ngxf7 Rg8 19. f4 Bd7 20. Bd3 g6 21. h4 Nc8 22. h5 Nxd6 23. Nxd6 Nb4 24. hxg6 hxg6 25. Rh7 Rg7 26. Rxg7 Kxg7 27. Nxb7 Nxd3 28. cxd3 Rf8 29. Nc5 Bc8 30. Rf1 g5 31. f5 exf5 32.
gxf5 Rxf5 33. Re1 g4 34. e6 Kf8 35. d4 g3 36. Rg1 Rg5 37. Kc2 Ke7 38. Kd3 g2 39.
Ke3 Bxe6 40. Nxe6 Kxe6 41. Kf4 Rg8 42. Kf3 Kf5 43. Kf2 Ke4 44. Re1+ Kxd4 45. Kg1 Kc4 46. Rd1 d4 47. Rc1+ Kb3 48. Rd1 Rg4 49. Ra1 Kxb2 50. Rxa6 d3 51. Rd6 Kc3 52. Rc6+ Rc4 53. Rd6 d2 54. Kxg2 Rd4 55. Rc6+ Kd3 56. Kf2 d1=Q 0-1

[Event "Early-Titled-Tuesday-Blitz-September-05-2023"]
[Site "Chess.com"]
[Date "2023.09.05"]
[Round "10"]
[White "Thecourseoisildur"]
[Black "IM_Tissir"]
[Result "0-1"]
[WhiteElo "2579"]
[BlackElo "2481"]
[TimeControl "180+1"]
[EndTime "9:55:08 PDT"]
[Termination "IM_Tissir won on time"]

1. e4 c5 2. Nf3 e6 3. d4 cxd4 4. Nxd4 Nf6 5. Nc3 d6 6. Be2 a6 7. Be3 Qc7 8. O-O Be7 9. f4 Nc6 10. Kh1 O-O 11. Qe1 Bd7 12. Qg3 Nxd4 13. Bxd4 Bc6 14. Rae1 Rae8 15. Bd3 g6 16. Nd1 d5 17. e5 Ne4 18. Qe3 Bb5 19. Nf2 Nxf2+ 20. Qxf2 Bxd3 21. cxd3 Rc8 22. Qg3 Qd8 23. Rc1 Qa5 24. f5 exf5 25. e6 f6 26. a3 Qa4 27. Bc3 d4 28. Bd2 Rc6 29. Rxc6 Qxc6 30. Rxf5 Qxe6 31. Rf1 Rc8 32. Re1 Qd7 33. h4 Rc2 34. Bf4 Kf7 35. Bh6 Qd6 36. Qf3 Qc6 37. Qg3 Bd6 38. Qh3 f5 39.
h5 Qd5 40. hxg6+ hxg6 41. Bg5 Bf8 42. Qh7+ Bg7 43. Qh2 f4 44. Re7+ Kg8 45. Re8+ Kf7 46. Re1 Qxg5 47. Qh3 Qf5 48. Qh4 Bf6 49. Qh7+ Bg7 50.
Qh4 Qf6 51. Qg4 f3 52. Qd7+ Kg8 0-1

[Event "Early-Titled-Tuesday-Blitz-September-05-2023"]
[Site "Chess.com"]
[Date "2023.09.05"]
[Round "10"]
[White "Mesa_1"]
[Black "Rosh1610"]
[Result "1-0"]
[WhiteElo "2584"]
[BlackElo "2464"]
[TimeControl "180+1"]
[EndTime "9:55:08 PDT"]
[Termination "Mesa_1 won by checkmate"]

1. e4 c5 2. Nf3 d6 3. d4 cxd4 4.
Nxd4 Nf6 5. Nc3 a6 6. Bg5 e6 7. f4 Be7 8. Qf3 Qc7 9. O-O-O Nbd7 10. g4 h6 11. Bxf6 Bxf6 12. h4 Nb6 13. g5 Bxd4 14.
Rxd4 Qc5 15. Rd3 Bd7 16. Be2 hxg5 17. hxg5 O-O-O 18. Rhd1 Bc6 19. a3 Nc4 20. Rd4 b5 21. b4 Qb6 22. Bxc4 bxc4 23. Rxc4 Kb7 24. Rcd4 Qc7 25.
Qd3 Rh4 26. e5 d5 27. a4 Rdh8 28. b5 axb5 29. axb5 Bd7 30. Ra4 Qc5 31. Ne4 dxe4 32. Qxd7+ Kb8 33. b6 Qe3+ 34. Kb1 Qxb6+ 35. Ka2 Rh2 36. Rd2 Rh1 37. Qd6+ Qxd6 38. Rxd6 R8h2 39. Rb4+ Kc7 40. Rc4+ Kb7 41. Rd7+ Kb6 42. Rd8 e3 43.
Rb8+ Ka7 44. Rb3 Rxc2+ 45. Rxc2 e2 46. Rxe2 Rc1 47. Re4 Rc6 48. Ra4+ Ra6 49. Rxa6+ Kxa6 50. f5 exf5 51. g6 fxg6 52. e6 f4 53. e7 f3 54.
e8=Q f2 55. Qc6+ Ka7 56. Qb7# 1-0

[Event "Early-Titled-Tuesday-Blitz-September-05-2023"]
[Site "Chess.com"]
[Date "2023.09.05"]
[Round "10"]
[White "JaloliddinIlkhomi"]
[Black "KNVB"]
[Result "0-1"]
[WhiteElo "2570"]
[BlackElo "2770"]
[TimeControl "180+1"]
[EndTime "9:55:12 PDT"]
[Termination "KNVB won by resignation"]

1. Nf3 b6 2. d4 Bb7 3. c3 e6 4. Bf4 Bd6 5. Bg3 Nf6 6. Nbd2 Bxg3 7. hxg3 d6 8. e3 Nbd7 9. Bd3 h6 10. Qe2 a6 11. e4 e5 12. dxe5 Nxe5 13. Nxe5 dxe5 14. Nf3 Qe7 15. O-O-O h5 16. Nd2 g6 17. Nc4 Kf8 18.
f3 Kg7 19. Ne3 b5 20. g4 hxg4 21. Nxg4 Nxg4 22. fxg4 Qg5+ 23. Kb1 Rad8 24. a3 Bc8 25.
Rxh8 Rxh8 26. Bc2 Bxg4 27. Qd2 Qxd2 28. Rxd2 Be6 29. b4 f5 30. exf5 gxf5 31. Re2 Kf6 32.
a4 e4 33. g4 fxg4 34. axb5 axb5 35. Rxe4 Rh1+ 36. Kb2 Rh2 37. Rf4+ Ke5 38. Re4+ Kd6 39. Rd4+ Ke7 40. Kc1 g3 41. Be4 g2 42. Rd1 Kf6 43. Rg1 Bh3 44. Kd2 Ke5 45. Ke3 Bg4 46. Bxg2 Rh4 47.
Re1 Bf5 48. Kd2+ Kf4 49. Bf1 Bg4 50. Bxb5 Rh2+ 51. Kd3 Bf5+ 52. Kc4 Rc2 53. Ba4 Ra2 54. Rf1+ Ke5 55. Bb3 Be6+ 56. Kc5 Bxb3 57. Re1+ Kf6 58. Rb1 Be6 59. Rf1+ Ke7 60. Rc1 Kd7 61. b5 Re2 62.
Kb4 Rb2+ 63. Kc5 Rf2 64. c4 Rf5+ 65. Kb4 Rf4 66. Rd1+ Kc8 67. Rc1 Kb7 68. Kc5 Rf5+ 69. Kb4 Re5 70. c5 Re4+ 71. Ka5 Bb3 72. Ra1 Rc4 73.
c6+ Kb8 74. Ra3 Bc2 75. Ra2 Bb3 76. Ra1 Bc2 77. Ra3 Bd1 78. b6 Rc5+ 79. Kb4 cxb6 80. Rd3 Be2 81. Re3 Ba6 82. Re6 Kc7 83. Re7+ Kxc6 84.
Ra7 Bb7 85. Ra1 Kc7 86. Ka4 Ra5+ 87. Kb4 Rxa1 0-1

[Event "Early-Titled-Tuesday-Blitz-September-05-2023"]
[Site "Chess.com"]
[Date "2023.09.05"]
[Round "10"]
[White "FoxOnTheRun97"]
[Black "tk22h"]
[Result "1-0"]
[WhiteElo "2535"]
[BlackElo "2390"]
[TimeControl "180+1"]
[EndTime "9:55:15 PDT"]
[Termination "FoxOnTheRun97 won on time"]

1. d4 Nf6 2. c4 g6 3. Nc3 d5 4.
Nf3 Bg7 5. h3 O-O 6. cxd5 Nxd5 7. e4 Nxc3 8. bxc3 c5 9. Be3 Qa5 10. Qd2 b5 11. Be2 b4 12. cxb4 cxb4 13. O-O Ba6 14.
Rab1 Bxe2 15. Qxe2 Na6 16. Qd2 Rfc8 17. Bh6 e6 18.
Bxg7 Kxg7 19. d5 exd5 20. Qd4+ Kg8 21. Ng5 Qd8 22. h4 h6 23. Nf3 dxe4 24. Qxe4 Qf6 25. h5 Re8 26. Qb7 Qb6 27. Qd5 Rad8 28. Qc4 g5 29.
Rfe1 Qf6 30. Rbd1 Kg7 31. Qb5 Qb6 32. Qf5 Qf6 33. Qb5 Qb6 34. Qc4 Rxd1 35. Rxd1 Qe6 36. Qb5 Rb8 37. Qd3 Nc5 38. Qd4+ Kg8 39. Qxc5 Qxa2 40.
Ne5 Qe6 41. Qxa7 Re8 42. Nf3 b3 43. Qb7 Qc4 44. Rb1 g4 45. Nh4 Qf4 46. Qxb3 Re2 47.
Qg3 Qe4 48. Rf1 Kh7 49. Qc7 Kg7 50. Qd7 Kf6 51. Qd8+ Kg7 52. Qc8 Kf6 53. Qh8+ Ke7 54. Qg7 Qf4 55. Qc3 Qe4 56. Qg3 f5 57. Rc1 Kf6 58.
Qc3+ Kg5 59. g3 1-0

[Event "Early-Titled-Tuesday-Blitz-September-05-2023"]
[Site "Chess.com"]
[Date "2023.09.05"]
[Round "10"]
[White "WiktoriaPOL"]
[Black "jcmesafischer"]
[Result "1-0"]
[WhiteElo "2302"]
[BlackElo "2440"]
[TimeControl "180+1"]
[EndTime "9:55:16 PDT"]
[Termination "WiktoriaPOL won by resignation"]

1. c4 Nf6 2. Nc3 e6 3. e4 d5 4. e5 d4 5. exf6 dxc3 6. bxc3 Qxf6 7. d4 c5 8. Nf3 cxd4 9. cxd4 Bb4+ 10. Bd2 Bxd2+ 11.
Qxd2 O-O 12. Bd3 b6 13. Be4 Nc6 14. Bxc6 Rb8 15. Be4 Ba6 16. Qg5 Bxc4 17. Qxf6 gxf6 18. Nd2 Bb5 19. f4 Rfd8 20. Nb3 a5 21. Rd1 a4 22. Nc1 Rbc8 23. Kf2 Rc4 24. Ne2 Rc7 25. f5 Kg7 26. Nf4 Bc4 27. fxe6 fxe6 28. d5 Bxd5 29. Bxd5 Rc2+ 30.
Kg3 Kh6 31. Bxe6 Re8 32. Rd7 Rc5 33. Rd5 Rc3+ 34. Kh4 Re7 35. Rhd1 Rc2 36. Rh5+ Kg7 37.
Rd8 f5 38. Rxf5 h6 39. Rg8+ Kh7 40. Rgf8 Rcc7 41. Bg8+ Kg7 42. Nh5+ Kh8 43. Be6+ Kh7 44. Bd5 Rc5 45. R8f7+ Rxf7 46. Rxf7+ Kg6 47. Rf6+ Kh7 48. Be4+ Kg8 49. Rxh6 b5 50. Nf6+ Kg7 51. Rg6+ Kf7 52.
Ng4 Rc4 53. Bd5+ Kxg6 54. Bxc4 bxc4 55. Ne5+ Kf5 56. Nxc4 Ke4 57. Nb2 a3 58. Nc4 Kd4 59.
Nxa3 Kc3 60. g4 Kb2 61. g5 Kxa3 62. g6 Kxa2 63. g7 Kb3 64. g8=Q+ Kc2 65. Qd8 Kc3 66.
Kg3 Kc4 67. h4 Kc3 68. h5 Kc4 69. h6 Kc3 70. h7 Kc4 71. h8=R Kc3 72. Rh7 Kc4 73.
Rc7+ 1-0

[Event "Early-Titled-Tuesday-Blitz-September-05-2023"]
[Site "Chess.com"]
[Date "2023.09.05"]
[Round "10"]
[White "Daniel_Salinas"]
[Black "noblerone"]
[Result "1/2-1/2"]
[WhiteElo "2347"]
[BlackElo "2526"]
[TimeControl "180+1"]
[EndTime "9:55:17 PDT"]
[Termination "Game drawn by agreement"]

1. c4 c6 2. d4 d5 3. Nf3 Nf6 4. g3 Bf5 5. Nc3 e6 6. Qb3 Qb6 7. c5 Qc7 8. Bf4 Qc8 9. Bg2 Nbd7 10. Qd1 b6 11. b4 a5 12. a3 b5 13. Nh4 Bg6 14.
Nxg6 hxg6 15. O-O Be7 16. e4 dxe4 17. Nxe4 Nxe4 18. Bxe4 Nf6 19. Bg2 Qd7 20. Be5 O-O 21. h4 axb4 22. axb4 Rxa1 23. Qxa1 Nd5 24. Re1 Nxb4 25.
Qd1 Bf6 26. Bxf6 gxf6 27. Qd2 Nd5 28. Qh6 Ra8 29. h5 gxh5 30. Re4 Qe7 31. Rh4 Qf8 32.
Qxh5 Qg7 33. Rg4 Ra1+ 34. Kh2 Ra2 35. Rxg7+ Kxg7 36. Bxd5 cxd5 37. Qf3 b4 38. Qb3 Rxf2+ 39. Kg1 Rd2 40. Qxb4 Rc2 41. Qb6 e5 42. c6 exd4 43. Qxd4 Rxc6 44. Qxd5 Re6 45. Kf2 Re5 46. Qd6 Rg5 47.
Kf3 Re5 48. Kf4 Rg5 49. Qd8 Re5 50. g4 Rg5 51. Qb6 Re5 52. Qf2 Rg5 53. Qh4 Re5 54. Qh2 Ra5 55. Qb2 Rg5 56. Kg3 Re5 57. Kh4 Rg5 58.
Qd4 Re5 59. Kg3 Rg5 60. Qf4 Re5 61. Kf3 Rg5 62. Ke3 Re5+ 63. Kd4 Ra5 64. Qf3 Rg5 1/2-1/2

[Event "Early-Titled-Tuesday-Blitz-September-05-2023"]
[Site "Chess.com"]
[Date "2023.09.05"]
[Round "10"]
[White "Witik"]
[Black "WPWPWP-2015"]
[Result "1-0"]
[WhiteElo "2670"]
[BlackElo "2554"]
[TimeControl "180+1"]
[EndTime "9:55:19 PDT"]
[Termination "Witik won by resignation"]

1. d4 Nf6 2. Bf4 d5 3. e3 Bg4 4. f3 Bf5 5. Nc3 c6 6. g4 Bc8 7. h4 e6 8. Nge2 Be7 9. Ng3 c5 10.
g5 Nfd7 11. Nb5 Na6 12. c3 e5 13. dxe5 Nf8 14. Nd6+ Bxd6 15. exd6 Be6 16. h5 Qb6 17. Qa4+ Bd7 18. Qb3 c4 19. Qxb6 axb6 20. e4 Be6 21. O-O-O dxe4 22. Nxe4 Nc5 23. Nxc5 bxc5 24. a3 Nd7 25. Re1 O-O-O 26. Rxe6 fxe6 27. Bxc4 Rhf8 28. Bh2 Rde8 29. f4 Nb6 30. Bd3 Nd5 31.
Bb5 Rd8 32. d7+ Rxd7 33. Bxd7+ Kxd7 34. Rf1 c4 35. Kd2 g6 36. Bg3 Ne7 37. Ke3 Nf5+ 38. Kf3 Kc6 39. Re1 Kd5 40. Re5+ Kd6 41. h6 Rd8 42.
Bf2 Rc8 43. Rb5 Rc7 44. a4 Kc6 45. Rb6+ Kd7 46. a5 Nd6 47. Bd4 Rc6 48. Rb4 Ra6 49.
Be5 Kc7 50. Rxc4+ Kd7 51. Rd4 Kc7 52. Rxd6 Rxd6 53. b4 Kc6 54. Bxd6 Kxd6 55. Ke4 Kc6 56. Ke5 Kd7 57. c4 Ke7 58. b5 Kd7 59. c5 Ke7 60. a6 bxa6 61. bxa6 Kd7 62. a7 Kc6 63. a8=Q+ Kb5 64. c6 1-0

[Event "Early-Titled-Tuesday-Blitz-September-05-2023"]
[Site "Chess.com"]
[Date "2023.09.05"]
[Round "10"]
[White "onnoelgersma"]
[Black "Maus7"]
[Result "0-1"]
[WhiteElo "2570"]
[BlackElo "2501"]
[TimeControl "180+1"]
[EndTime "9:55:19 PDT"]
[Termination "Maus7 won by resignation"]

1. c3 Nf6 2. d4 b6 3. Nf3 Bb7 4. Bf4 g6 5. e3 Bg7 6. a4 a6 7. h3 d6 8. Be2 O-O 9. O-O Nbd7 10. Nbd2 Ne4 11. Nxe4 Bxe4 12. Nd2 Bb7 13. Bf3 Qc8 14.
Bg3 c5 15. Qe2 Qc7 16. h4 Bxf3 17. Qxf3 h5 18. Ne4 Nf6 19. Ng5 Rac8 20. Qe2 Qb7 21.
Rfe1 d5 22. Be5 Ne4 23. Bxg7 Kxg7 24. Nxe4 dxe4 25. Red1 Rfd8 26. dxc5 bxc5 27. b4 c4 28. Rd4 Rxd4 29. exd4 Qd5 30. Rb1 Rb8 31. b5 axb5 32. axb5 Rxb5 33. Rxb5 Qxb5 34. Qxe4 e6 35. Qe3 Qb1+ 36.
Kh2 Qf5 37. g3 Kf6 38. Kg2 Qd5+ 39. Kh2 Qf5 40. Kg1 Ke7 41. Kf1 Kd6 42. Ke1 Kd5 43. f3 Qd3 44. Qe5+ Kc6 45. Qc5+ Kd7 46. Qb5+ Ke7 47. Qb4+ Kf6 48. Kf2 Qd2+ 49. Kf1 Qe3 50. Kg2 Qe2+ 51. Kg1 Qxf3 52. Kh2 Qf2+ 53. Kh3 Qf1+ 54.
Kh2 Qf2+ 55. Kh3 Qg1 56. Qb7 Qf1+ 57. Kh2 Qe2+ 58. Kh3 Qe1 59. Qf3+ Kg7 60. Kh2 Qd2+ 61. Kh3 Qd3 62. Qxd3 cxd3 0-1

[Event "Early-Titled-Tuesday-Blitz-September-05-2023"]
[Site "Chess.com"]
[Date "2023.09.05"]
[Round "10"]
[White "DrDreBeats"]
[Black "PepeCuenca"]
[Result "0-1"]
[WhiteElo "2556"]
[BlackElo "2699"]
[TimeControl "180+1"]
[EndTime "9:55:21 PDT"]
[Termination "PepeCuenca won by resignation"]

1. e4 c5 2. Nf3 Nc6 3. d4 cxd4 4. Nxd4 e5 5. Nb5 d6 6. N1c3 a6 7. Na3 Be7 8. Be3 Rb8 9. Nd5 b5 10. c4 b4 11. Nc2 Nf6 12. Bd3 O-O 13. O-O Ng4 14.
f3 Nxe3 15. Ncxe3 Bg5 16. Qa4 Nd4 17. Nc2 Nxc2 18. Bxc2 a5 19. Rad1 Bd7 20. Qb3 Qc8 21. Qd3 Qc5+ 22. Kh1 Be6 23. b3 Rbd8 24. Rfe1 g6 25. Ne3 Kh8 26. Nd5 Rd7 27. Rf1 Bd8 28. f4 Bxd5 29. exd5 f5 30. fxe5 dxe5 31. d6 Rf6 32.
Qd5 Qxd5 33. Rxd5 Rfxd6 34. Rxe5 Rd2 35. Bb1 Rd1 36. Ree1 Rxe1 37. Rxe1 Bb6 38. g3 Bc5 39. Re5 Rc7 40. Kg2 Kg7 41. Re6 Kf7 42. Ra6 Ra7 43. Rc6 Bd4 44. Kf3 Ke7 45. g4 Kd7 46. gxf5 Kxc6 47. fxg6 hxg6 48. Bxg6 Rg7 49. Bf5 Kd6 50. h4 Ke5 51. Bd3 Rg1 52. h5 Kf6 53. Ke4 Bc3 54.
c5 Ke7 55. Kd5 Kd7 56. Kc4 Rh1 57. Bg6 Kc7 58. Kb5 Rh2 59. Kxa5 Rxa2+ 60. Kb5 Rh2 61. Bf7 Be1 62. Bg6 Bd2 63. Bf7 Rh3 64. Kc4 Rg3 65.
Kb5 Rg4 66. Bg6 Rg5 67. Bf7 Re5 68. Kc4 Be3 69. Kxb4 Bxc5+ 70. Kc4 Be3 71. b4 Re7 72. Bg6 Kb6 73. Bf5 Bh6 74. Bg6 Re1 75. Bf7 Re4+ 76.
Kb3 Kb5 77. Kc3 Rxb4 78. Kd3 Kc5 79. Bg8 Rd4+ 80. Ke2 Kd6 81. Kf3 Ke5 82. Bf7 Rf4+ 0-1

[Event "Early-Titled-Tuesday-Blitz-September-05-2023"]
[Site "Chess.com"]
[Date "2023.09.05"]
[Round "10"]
[White "NelsonLinda"]
[Black "Quattroporte300"]
[Result "1-0"]
[WhiteElo "2488"]
[BlackElo "2396"]
[TimeControl "180+1"]
[EndTime "9:55:22 PDT"]
[Termination "NelsonLinda won on time"]

1. e3 c5 2. b3 Nc6 3. Bb2 d6 4. Nf3 e5 5. Bb5 Bd7 6. d3 a6 7.
Bxc6 Bxc6 8. O-O Nf6 9. Nbd2 Be7 10. Qe2 O-O 11. Rfd1 b5 12. c4 Re8 13. Rac1 Bf8 14. Ng5 h6 15. Nge4 Nxe4 16. dxe4 Qf6 17. f3 Kh7 18. Nb1 b4 19. a4 Qg6 20. Nd2 Be7 21. Nf1 f5 22. exf5 Qxf5 23. e4 Qg6 24. Rc2 Rf8 25.
Rcd2 Rf7 26. Rd3 Raf8 27. Kh1 h5 28. Ne3 h4 29. h3 Qg3 30. Ng4 Bd7 31. Nf2 Rf6 32.
Bc1 Rg6 33. Rg1 Be6 34. Qe1 Rf7 35. Nd1 Qxe1 36. Rxe1 Rg3 37. Kh2 Rg6 38. Be3 Bc8 39. Re2 Re6 40. Nf2 g5 41. Red2 Rg6 42. Rd1 Be6 43.
R1d2 Bc8 44. Nd1 Be6 45. Bf2 Rgf6 46. Be3 Rg6 47. Bf2 Kg8 48. Ne3 Kh7 49. Rxd6 Bxd6 50.
Rxd6 Bc8 51. Rxg6 Kxg6 52. Nd5 Be6 53. Bxc5 Bxd5 54. exd5 Kf6 55. Kg1 Rb7 56. Kf2 e4 57. fxe4 Ke5 58. Ke3 a5 59. Bd4+ Kd6 60. c5+ Ke7 61.
Kd3 Rb8 62. Be5 Rf8 63. c6 Rf2 64. d6+ Kd8 65. d7 g4 66. hxg4 Rxg2 67. Bf6+ 1-0

[Event "Early-Titled-Tuesday-Blitz-September-05-2023"]
[Site "Chess.com"]
[Date "2023.09.05"]
[Round "10"]
[White "stepanosinovsky"]
[Black "DeArron_Fox"]
[Result "1-0"]
[WhiteElo "2319"]
[BlackElo "2479"]
[TimeControl "180+1"]
[EndTime "9:55:22 PDT"]
[Termination "stepanosinovsky won by resignation"]

1. Nf3 d5 2. g3 Nf6 3. Bg2 e6 4. O-O Be7 5. d3 O-O 6. Nbd2 c5 7. e4 Nc6 8. Re1 Qc7 9. c3 b5 10. exd5 Nxd5 11. h4 Bb7 12. h5 h6 13. Ne4 Rfd8 14.
Qe2 a5 15. a4 bxa4 16. Rxa4 Ba6 17. Nfd2 Nb6 18. Ra1 Bxd3 19. Qg4 f5 20. Qg6 fxe4 21.
Nxe4 Bf8 22. Bxh6 Qf7 23. Qxf7+ Kxf7 24. Ng5+ Kg8 25. Bxc6 Rac8 26. Bb7 Rb8 27. Nxe6 Rd6 28. Bf4 Rxe6 29. Rxe6 Rxb7 30. Rxa5 Kf7 31. Rc6 Nc4 32. Ra8 Nxb2 33. g4 Nd1 34. g5 Nxc3 35. g6+ Ke7 36. Rcc8 Ne2+ 37. Kh2 Nxf4 38. Rxf8 Nxg6 39. hxg6 Bxg6 40.
Rf3 Rb2 41. Kg3 Ke6 42. Ra7 Be4 43. Re3 Kd5 44. Rd7+ Kc6 45. Rxg7 Bd5 46. Re5 c4 47. Rg6+ Kc5 48. Rgg5 Rd2 49. Re8 c3 50. Rc8+ Kd4 51.
Rg4+ Kd3 52. Ra4 c2 53. Ra3+ Ke2 54. Ra1 Rd1 55. Rxc2+ Kd3 56. Rxd1+ Kxc2 57. Rxd5 Kc3 58. Re5 Kc4 59. f4 Kd4 60. Kg4 Kc4 61. Kf5 Kd4 62. Ke6 Kd3 63. f5 1-0

[Event "Early-Titled-Tuesday-Blitz-September-05-2023"]
[Site "Chess.com"]
[Date "2023.09.05"]
[Round "10"]
[White "amanjazu"]
[Black "Sjakkerntobi"]
[Result "1-0"]
[WhiteElo "2382"]
[BlackElo "2472"]
[TimeControl "180+1"]
[EndTime "9:55:23 PDT"]
[Termination "amanjazu won by checkmate"]

1. b3 e5 2. Bb2 d6 3. d4 e4 4.
d5 c6 5. c4 Nf6 6. e3 Na6 7.
Nc3 Bg4 8. f3 Bf5 9. Nge2 exf3 10. gxf3 Bg6 11. Nd4 Rc8 12. Bh3 Rc7 13. dxc6 bxc6 14.
O-O Be7 15. Nce2 O-O 16. Nf4 d5 17. cxd5 cxd5 18. Qe2 Nc5 19. Rfd1 Re8 20. Rac1 Bd6 21. Nxg6 hxg6 22. Nb5 Rce7 23. Nxd6 Qxd6 24. Ba3 Rxe3 25. Qf1 Qf4 26. Bxc5 Rxf3 27. Qg2 Ne4 28. Rf1 Ng5 29.
Bg4 Rxf1+ 30. Rxf1 Qc7 31. Qxd5 Ne4 32. Bd7 Nf6 33.
Rxf6 Re1+ 34. Rf1 Rxf1+ 35. Kxf1 Qf4+ 36. Bf2 Qc1+ 37. Kg2 Qf4 38. Bg3 Qf6 39. Qa8+ Kh7 40. Qe4 Qb2+ 41. Kh3 Qxa2 42. Qc4 Qd2 43. Qxf7 Qa5 44.
Bg4 Qg5 45. Bf4 Qb5 46. Be6 Qf1+ 47. Kg3 Qg1+ 48. Kf3 Qf1+ 49. Ke4 Qe2+ 50. Kd4 Qd1+ 51. Kc3 Qe1+ 52. Bd2 Qe5+ 53. Kc2 Qc5+ 54. Kb1 Qg1+ 55. Kc2 Qc5+ 56. Bc3 Kh6 57. Qxg7+ Kh5 58. Qh7+ Kg5 59. Qg7 Qf2+ 60. Bd2+ Kh4 61. Qh6# 1-0

[Event "Early-Titled-Tuesday-Blitz-September-05-2023"]
[Site "Chess.com"]
[Date "2023.09.05"]
[Round "10"]
[White "secretsuperstar7"]
[Black "valemava"]
[Result "1-0"]
[WhiteElo "2391"]
[BlackElo "2280"]
[TimeControl "180+1"]
[EndTime "9:55:24 PDT"]
[Termination "secretsuperstar7 won by checkmate"]

1. c4 c6 2. Nc3 a6 3. d4 b5 4. e4 b4 5. Nce2 d5 6. exd5 cxd5 7. cxd5 Nf6 8. Nf4 g6 9. Bc4 Bg7 10. Nf3 O-O 11. O-O Nbd7 12. d6 exd6 13. Nd5 Nb6 14. Nxb6 Qxb6 15. Bg5 Bb7 16. Be3 d5 17. Bd3 a5 18. Ne5 Ba6 19. Rc1 Bxd3 20. Qxd3 Rac8 21. Bg5 Qb7 22. Qh3 Ne4 23. Bh6 Bxh6 24. Qxh6 Rxc1 25. Rxc1 Rc8 26. Re1 Qb6 27. Nf3 Qf6 28. h3 Rc2 29.
Rc1 Qc6 30. Rxc2 Qxc2 31. Qh4 Qc1+ 32. Kh2 Kg7 33. Qd8 Qf4+ 34. Kg1 Qc1+ 35. Kh2 Nxf2 36. Qxd5 Qf4+ 37. Kg1 Ne4 38. Qe5+ Qxe5 39. Nxe5 Nd2 40. Nc6 Nc4 41. b3 Nd6 42. Nxa5 Nb5 43. Nc6 Nc3 44. Nxb4 Kf6 45. Kf2 Ke6 46. Ke3 Kd6 47. Kd3 Nb5 48. a4 Nc7 49. Nc2 f5 50. Ne3 Ne6 51. Nc4+ Kd5 52. b4 Nf4+ 53. Kc3 Nxg2 54. Ne3+ Nxe3 55. Kd3 Nc4 56. a5 Nd6 57. a6 Nb5 58. Kc2 g5 59.
Kb3 f4 60. Ka4 f3 61. Kxb5 f2 62. a7 f1=Q+ 63. Kb6 Qf6+ 64. Kb7 Qe7+ 65. Kb8 Qd8+ 66. Kb7 Qd7+ 67. Kb8 Kc6 68. a8=Q+ Kb6 69. Qa5+ Kc6 70. Qc5# 1-0